 Dungeon Crawl Stone Soup version 0.21.0-3-g78d12a8 (webtiles) character file.

24 digijack the Magician (level 3, 0/22 HPs)
             Began as a Gargoyle Wanderer on Jan 6, 2018.
             Slain by a worker ant (4 damage)
             ... on level 2 of the Dungeon on Jan 10, 2018.
             The game lasted 00:11:24 (909 turns).

digijack the Magician (Gargoyle Wanderer)            Turns: 909, Time: 00:11:24

Health: 0/22       AC:  5    Str: 16 (17) XL:     3   Next: 2%
Magic:  8/8        EV: 11    Int:  6 (8)  God:
Gold:   91         SH:  0    Dex:  9 (12) Spells: 10/10 levels left

rFire    . . .     SeeInvis .   a - +2 spear
rCold    . . .     Gourm    .   (no shield)
rNeg     + . .     Faith    .   b - +0 robe
rPois    ∞         Spirit   .   (no helmet)
rElec    +         Reflect  .   (no cloak)
rCorr    .         Harm     .   (no gloves)
MR       .....                  (no boots)
Stlth    ++........             (no amulet)
HPRegen  0.07/turn              (no ring)
MPRegen  0.11/turn              (no ring)

@: no status effects
A: negative energy resistance 1, electricity resistance, unbreathing,
petrification resistance, rot immunity, AC +3
a: no special abilities


You were on level 2 of the Dungeon.
You were not hungry.

You visited 1 branch of the dungeon, and saw 2 of its levels.

You collected 91 gold pieces.

Inventory:

Hand Weapons
 a - a +2 spear (weapon)
Armour
 b - a +0 robe (worn)
Books
 c - the Grimoire of Air

   Spells                             Type                      Level
   a - Swiftness                      Charms/Air                   2
   b - Poisonous Vapours              Poison/Air                   2
Comestibles
 f - 2 rations


   Skills:
 + Level 2.6 Fighting
 + Level 1.0 Polearms
 - Level 1.1 Armour
 * Level 2.4 Stealth
 - Level 4.0 Spellcasting
   Level 1.0 Air Magic
   Level 1.0 Evocations


You had 10 spell levels left.
You didn't know any spells.

Dungeon Overview and Level Annotations

Branches:
Dungeon (2/15)

Altars:
Gozag


Innate Abilities, Weirdness & Mutations

You are resistant to torment.
Your stone body is resilient. (AC +3)
You are immune to poison.
You resist negative energy. (rN+)
You are resistant to electric shocks. (rElec)
You can survive without breathing.
You are immune to petrification.
You are immune to rotting.


Message History

The worker ant bites you. The worker ant barely misses you.
You hit the worker ant but do no damage.
The worker ant is lightly wounded.
The worker ant closely misses you.
You closely miss the worker ant.
The worker ant is lightly wounded.
The worker ant bites you.
You hit the worker ant but do no damage.
The worker ant is lightly wounded.
The worker ant closely misses you.
You closely miss the worker ant.
The worker ant is lightly wounded.
The worker ant bites you.
You hit the worker ant but do no damage.
The worker ant is lightly wounded.
The worker ant bites you.
* * * LOW HITPOINT WARNING * * *
The worker ant closely misses you. The worker ant bites you.
You die...

#.# #.# #####.#
...#.# #
#####.#.##.#.##
...............
...###..##.#...
###a####...
#..@..##.(########
#.#.####..##.....#
#.._..##.........###
###.#.##............
#.....##.....#######
###.####.....[......
#...)...##########
#.................
#.....#.##########


You could see a worker ant.

Vanquished Creatures
  A dart slug (D:1)
  4 goblins (D:1)
  2 hobgoblins (D:1)
  2 jackals (D:1)
  2 kobolds (D:1)
  3 bats (D:1)
  2 frilled lizards (D:1)
  5 rats
21 creatures vanquished.

Notes
Turn   | Place    | Note
-------+----------+-------------------------------------------
     0 | D:1      | digijack the Gargoyle Wanderer began the quest for the Orb.
     0 | D:1      | digijack set off with: a +2 spear, a potion of lignification, the Grimoire of Air, a +0 robe, a ration
     0 | D:1      | Reached XP level 1. HP: 12/12 MP: 5/5
   107 | D:1      | Upgraded the game from 0.21.0 to 0.21.0-3-g78d12a8
   111 | D:1      | Reached XP level 2. HP: 18/18 MP: 7/7
   468 | D:1      | Reached XP level 3. HP: 22/22 MP: 8/8
   840 | D:2      | Reached skill level 1 in Polearms
   879 | D:2      | Found an opulent altar of Gozag.
   909 | D:2      | Slain by a worker ant

Skill      XL: |  1  2  3 |
---------------+----------+-----
Stealth        | 2 |  2.4
Polearms       | 1 |  1.0
Fighting       | |  2.6
Armour         | |  1.1
Spellcasting   | |  4.0
Air Magic      | |  1.0
Evocations     | |  1.0

Action                   || total
-------------------------++-------
Melee: Spear             ||    68
  Use: Potion            ||     3
       Scroll            ||     1
 Stab: Sleeping          ||     5
Armor: Robe              ||    15
Dodge: Dodged            ||    37
